PCL
MILE HIGH BRONCOS @ REDWOOD CITY REDWOODS
04/23/2026
 
TOP OF THE 1ST
Mile High Broncos batting - Pitching for Redwood City Redwoods : RHP Tom Goff
Pitching: RHP Tom Goff
Batting: SHB Tom Stevens 0-0: Ball
1-0: Ball
2-0: Ground out 3-1 (Groundball, 34)
Batting: SHB Paco Martínez 0-0: Swinging Strike
0-1: Ball
1-1: Ball
2-1: DOUBLE (Line Drive, 78M)
Batting: LHB Tony Báez 0-0: Foul Ball, location: 2F
0-1: Ball
1-1: Foul Ball, location: 2F
1-2: Strikes out swinging
Batting: RHB António Martínez 0-0: Ground out 5-3 (Groundball, 5S)
Top of the 1st over - 0 run(s), 1 hit(s), 0 error(s), 1 left on base; Mile High 0 - Redwood City 0
BOTTOM OF THE 1ST
Redwood City Redwoods batting - Pitching for Mile High Broncos : LHP Mark Stewart
Pitching: LHP Mark Stewart
Batting: RHB Joe Flint 0-0: Ball
1-0: SINGLE (Line Drive, 6D)
Batting: RHB Dan Martin 0-0: Called Strike
0-1: Foul Ball, location: 2F
0-2: Fly out, F8 (Flyball, 8RM)
Batting: LHB Alfonso Montoya 0-0: Ball
1-0: Ground out 5-3 (Groundball, 56S)
Joe Flint to second
Batting: LHB Patrick Bright 0-0: Swinging Strike
0-1: Ball
1-1: Ball
2-1: Swinging Strike
2-2: Strikes out swinging
Bottom of the 1st over - 0 run(s), 1 hit(s), 0 error(s), 1 left on base; Mile High 0 - Redwood City 0
TOP OF THE 2ND
Mile High Broncos batting - Pitching for Redwood City Redwoods : RHP Tom Goff
Batting: RHB David Moran 0-0: Swinging Strike
0-1: Ball
1-1: Called Strike
1-2: Ball
2-2: Strikes out swinging
Batting: RHB Bo Vickers 0-0: Ball
1-0: Ground out 5-3 (Groundball, 5)
Batting: RHB Su-kweon Yu 0-0: Foul Ball, location: 2F
0-1: Foul Ball, location: 2F
0-2: Strikes out looking
Top of the 2nd over - 0 run(s), 0 hit(s), 0 error(s), 0 left on base; Mile High 0 - Redwood City 0
BOTTOM OF THE 2ND
Redwood City Redwoods batting - Pitching for Mile High Broncos : LHP Mark Stewart
Batting: RHB William Parker 0-0: Ball
1-0: Foul Ball, location: 2F
1-1: Reached on error, E5 (Groundball, 5)
Batting: LHB Jon Graves 0-0: Ball
1-0: SINGLE (Groundball, 5D)
William Parker to third
Runner from 3rd tries for Home, SAFE, throw made home
Batting: RHB Carlos Gonzáles 0-0: Ball
1-0: Ball
2-0: Called Strike
2-1: Swinging Strike
2-2: Foul Ball, location: 2F
2-2: Foul Ball, location: 2F
2-2: Strikes out swinging
Batting: LHB River Wilson 0-0: Called Strike
0-1: Ball
1-1: Ground out 3-1 (Groundball, 34)
Jon Graves to second
Batting: RHB Vicente Martínez 0-0: Ball
1-0: Ball
2-0: Swinging Strike
2-1: Ball
3-1: Base on Balls
Batting: RHB Joe Flint 0-0: Ball
1-0: Called Strike
1-1: Ground out U3 (Groundball, 3)
Bottom of the 2nd over - 1 run(s), 1 hit(s), 1 error(s), 2 left on base; Mile High 0 - Redwood City 1
TOP OF THE 3RD
Mile High Broncos batting - Pitching for Redwood City Redwoods : RHP Tom Goff
Batting: LHB Pat Weaver 0-0: Ball
1-0: Ball
2-0: Foul Ball, location: 2F
2-1: Ground out 4-3 (Groundball, 34)
Batting: SHB Keith Shaffer 0-0: Ball
1-0: SINGLE (Groundball, 34D)
Batting: SHB Tom Stevens 0-0: Swinging Strike
0-1: Ball
1-1: Foul Ball, location: 2F
1-2: SINGLE (Groundball, 3L)
Keith Shaffer to second
Runner from 2nd tries for 3rd, SAFE, throw made to third
Batting: SHB Paco Martínez 0-0: Ball
1-0: Ball
2-0: SINGLE (Line Drive, 56D)
Keith Shaffer scores
Tom Stevens to second
Batting: LHB Tony Báez 0-0: SINGLE (Groundball, 4MD)
Tom Stevens to third
Paco Martínez to second
Batting: RHB António Martínez 0-0: Grounds into fielders choice 1-2 (Groundball, 15)
Paco Martínez to third
Tony Báez to second
Batting: RHB David Moran 0-0: Swinging Strike
0-1: Foul Ball, location: 2F
0-2: Ball
1-2: Foul Ball, location: 2F
1-2: SINGLE (Line Drive, 6MD)
Paco Martínez scores
Tony Báez to third
António Martínez to second
Runner from 3rd tries for Home, SAFE, no throw or cutoff
Batting: RHB Bo Vickers 0-0: Called Strike
0-1: Fielders Choice at 2nd, U6 (Groundball, 6M)
Top of the 3rd over - 3 run(s), 5 hit(s), 0 error(s), 2 left on base; Mile High 3 - Redwood City 1
BOTTOM OF THE 3RD
Redwood City Redwoods batting - Pitching for Mile High Broncos : LHP Mark Stewart
Batting: RHB Dan Martin 0-0: Ball
1-0: Ground out 4-3 (Groundball, 4)
Batting: LHB Alfonso Montoya 0-0: Called Strike
0-1: DOUBLE (Line Drive, 78M)
Batting: LHB Patrick Bright 0-0: Ball
1-0: Ball
2-0: Ground out 4-3 (Groundball, 4M)
Alfonso Montoya to third
Batting: RHB William Parker 0-0: Called Strike
0-1: Called Strike
Steal of home, Alfonso Montoya is out
Bottom of the 3rd over - 0 run(s), 1 hit(s), 0 error(s), 0 left on base; Mile High 3 - Redwood City 1
TOP OF THE 4TH
Mile High Broncos batting - Pitching for Redwood City Redwoods : RHP Tom Goff
Batting: RHB Su-kweon Yu 0-0: Called Strike
0-1: Foul Ball, location: 2F
0-2: Ball
1-2: Foul Ball, location: 2F
1-2: Ball
2-2: Foul Ball, location: 2F
2-2: Foul Ball, location: 2F
2-2: Fly out, F8 (Line Drive, 8RD)
Batting: LHB Pat Weaver 0-0: Called Strike
0-1: Ball
1-1: Foul Ball, location: 2F
1-2: Strikes out swinging
Batting: SHB Keith Shaffer 0-0: DOUBLE (Line Drive, 7LS)
Batting: SHB Tom Stevens 0-0: Ball
1-0: SINGLE (Flyball, 9S)
Keith Shaffer to third
Runner from 3rd tries for Home, SAFE, no throw or cutoff
Batting: SHB Paco Martínez 0-0: Ball
1-0: Ball
2-0: Called Strike
2-1: Ball
3-1: Called Strike
3-2: Base on Balls
Tom Stevens to second
Batting: LHB Tony Báez 0-0: Ball
1-0: Called Strike
1-1: Ball
2-1: Foul Ball, location: 2F
2-2: Foul Ball, location: 2F
2-2: SINGLE (Groundball, 34D) (infield hit)
Tom Stevens to third
Paco Martínez to second
Batting: RHB António Martínez 0-0: Called Strike
0-1: Fielders Choice at 2nd, 5-4 (Groundball, 56)
Top of the 4th over - 1 run(s), 3 hit(s), 0 error(s), 2 left on base; Mile High 4 - Redwood City 1
BOTTOM OF THE 4TH
Redwood City Redwoods batting - Pitching for Mile High Broncos : LHP Mark Stewart
Batting: RHB William Parker 0-0: Ball
1-0: Called Strike
1-1: Ball
2-1: Fly out, F7 (Line Drive, 7D)
Batting: LHB Jon Graves 0-0: Called Strike
0-1: Ball
1-1: Fly out, F8 (Flyball, 8LM)
Batting: RHB Carlos Gonzáles 0-0: Ball
1-0: SINGLE (Line Drive, 9S)
Batting: LHB River Wilson 0-0: Ball
1-0: Called Strike
1-1: Ball
2-1: Ground out 6-3 (Groundball, 6)
Bottom of the 4th over - 0 run(s), 1 hit(s), 0 error(s), 1 left on base; Mile High 4 - Redwood City 1
TOP OF THE 5TH
Mile High Broncos batting - Pitching for Redwood City Redwoods : RHP Tom Goff
Batting: RHB David Moran 0-0: Ball
1-0: Swinging Strike
1-1: Called Strike
1-2: DOUBLE (Line Drive, 5D)
Batting: RHB Bo Vickers 0-0: Foul Ball, location: 2F
0-1: Ball
1-1: Foul Ball, location: 2F
1-2: Reached on error, E1 (Groundball, 15S)
David Moran to third
Batting: RHB Su-kweon Yu 0-0: Foul Ball, location: 2F
0-1: Ball
1-1: Foul Ball, location: 2F
1-2: Foul Ball, location: 2F
1-2: Foul Ball, location: 2F
1-2: Foul Ball, location: 2F
1-2: Fly out, F7 (Flyball, 78XD)
Runner from 3rd tags up, SCORES, no throw
Batting: LHB Pat Weaver 0-0: Called Strike
0-1: Foul Ball, location: 2F
0-2: Foul Ball, location: 2F
0-2: Ball
1-2: Ball
2-2: Foul Ball, location: 2F
2-2: Strikes out swinging
Batting: SHB Keith Shaffer 0-0: Called Strike
0-1: Fly out, F5 (Popup, 5F)
Top of the 5th over - 1 run(s), 1 hit(s), 1 error(s), 1 left on base; Mile High 5 - Redwood City 1
BOTTOM OF THE 5TH
Redwood City Redwoods batting - Pitching for Mile High Broncos : LHP Mark Stewart
Batting: RHB Vicente Martínez 0-0: Ball
1-0: Ball
2-0: Foul Ball, location: 2F
2-1: Called Strike
2-2: Ball
3-2: Ground out 4-3 (Groundball, 4)
Batting: RHB Joe Flint 0-0: Foul Ball, location: 2F
0-1: Foul Ball, location: 2F
0-2: Foul Ball, location: 2F
0-2: Ball
1-2: Ball
2-2: Ball
3-2: Base on Balls
Batting: RHB Dan Martin 0-0: Ball
1-0: Foul Ball, location: 2F
1-1: Ball
2-1: Ball
3-1: Foul Ball, location: 2F
3-2: Grounds into double play, 5-4-3 (Groundball, 56)
Bottom of the 5th over - 0 run(s), 0 hit(s), 0 error(s), 0 left on base; Mile High 5 - Redwood City 1
TOP OF THE 6TH
Mile High Broncos batting - Pitching for Redwood City Redwoods : RHP Tom Goff
Batting: SHB Tom Stevens 0-0: Ball
1-0: Fly out, F7 (Popup, 7S)
Batting: SHB Paco Martínez 0-0: Foul Ball, location: 2F
0-1: Ball
1-1: SINGLE (Line Drive, 6D)
Pitching: RHP Lúcio Solano
Batting: LHB Tony Báez 0-0: Ball
1-0: Ball
2-0: Ball
3-0: Called Strike
3-1: Foul Ball, location: 2F
3-2: DOUBLE (Line Drive, 89XD)
Paco Martínez to third
Runner from 3rd tries for Home, SAFE, throw made home
Batting: RHB António Martínez 0-0: Ball
1-0: Called Strike
1-1: Swinging Strike
1-2: Foul Ball, location: 2F
1-2: Ball
2-2: Strikes out looking
Batting: RHB David Moran 0-0: Called Strike
0-1: Ball
Wild Pitch!
Tony Báez to third
1-1: Foul Ball, location: 2F
1-2: Foul Ball, location: 2F
1-2: Strikes out swinging
Top of the 6th over - 1 run(s), 2 hit(s), 0 error(s), 1 left on base; Mile High 6 - Redwood City 1
BOTTOM OF THE 6TH
Redwood City Redwoods batting - Pitching for Mile High Broncos : LHP Mark Stewart
Batting: LHB Alfonso Montoya 0-0: Ground out 4-3 (Groundball, 34)
Batting: LHB Patrick Bright 0-0: Called Strike
0-1: Ball
1-1: Ball
2-1: SINGLE (Flyball, 7S)
Batting: RHB William Parker 0-0: Ball
1-0: Ball
2-0: Ground out 4-3 (Groundball, 6M)
Patrick Bright to second
Batting: LHB Jon Graves 0-0: Swinging Strike
0-1: Swinging Strike
0-2: Foul Ball, location: 2F
0-2: Ball
1-2: Foul Ball, location: 2F
1-2: Ball
2-2: Strikes out swinging
Bottom of the 6th over - 0 run(s), 1 hit(s), 0 error(s), 1 left on base; Mile High 6 - Redwood City 1
TOP OF THE 7TH
Mile High Broncos batting - Pitching for Redwood City Redwoods : RHP Lúcio Solano
Batting: RHB Bo Vickers 0-0: Called Strike
0-1: Swinging Strike
0-2: Ball
1-2: Ball
2-2: Ground out 4-3 (Groundball, 13)
Batting: RHB Su-kweon Yu 0-0: Ball
1-0: Ball
2-0: Ball
3-0: Base on Balls
Batting: LHB Pat Weaver 0-0: Called Strike
0-1: Ball
1-1: Foul Ball, location: 2F
1-2: Ball
2-2: Strikes out swinging
Batting: SHB Keith Shaffer 0-0: Ball
1-0: Foul Ball, location: 2F
1-1: Ball
2-1: Ball
Wild Pitch!
Su-kweon Yu to second
3-1: Foul Ball, location: 2F
3-2: Strikes out swinging
Top of the 7th over - 0 run(s), 0 hit(s), 0 error(s), 1 left on base; Mile High 6 - Redwood City 1
BOTTOM OF THE 7TH
Redwood City Redwoods batting - Pitching for Mile High Broncos : LHP Mark Stewart
Batting: RHB Carlos Gonzáles 0-0: Ball
1-0: Foul Ball, location: 2F
1-1: Ball
2-1: Foul Ball, location: 2F
2-2: Foul Ball, location: 2F
2-2: Ground out 6-3 (Groundball, 56)
Batting: LHB River Wilson 0-0: Ball
1-0: Ball
2-0: Called Strike
2-1: Foul Ball, location: 2F
2-2: Ball
3-2: Base on Balls
Pitching: LHP Robin Wilder
Batting: RHB Vicente Martínez 0-0: Called Strike
0-1: Swinging Strike
Passed Ball!
River Wilson to second
0-2: Strikes out swinging
Batting: RHB Joe Flint 0-0: Ball
1-0: Ball
2-0: Called Strike
2-1: Ball
3-1: SINGLE (Line Drive, 3)
River Wilson to third
Runner from 3rd tries for Home, SAFE, throw made home
Joe Flint to second
Batting: RHB Dan Martin 0-0: Called Strike
0-1: Foul Ball, location: 2F
0-2: Ball
1-2: Strikes out swinging
Bottom of the 7th over - 1 run(s), 1 hit(s), 0 error(s), 1 left on base; Mile High 6 - Redwood City 2
TOP OF THE 8TH
Mile High Broncos batting - Pitching for Redwood City Redwoods : RHP Lúcio Solano
Batting: SHB Tom Stevens 0-0: Foul Ball, location: 2F
0-1: Ball
1-1: Foul Ball, location: 2F
1-2: Strikes out swinging
Pitching: RHP Jim Williams
Batting: SHB Paco Martínez 0-0: Ball
1-0: Called Strike
1-1: Ball
2-1: Called Strike
2-2: Strikes out swinging
Batting: LHB Tony Báez 0-0: Called Strike
0-1: Foul Ball, location: 2F
0-2: Ball
1-2: Ball
2-2: Foul Ball, location: 2F
2-2: Ground out 1-3 (Groundball, 13S)
Top of the 8th over - 0 run(s), 0 hit(s), 0 error(s), 0 left on base; Mile High 6 - Redwood City 2
BOTTOM OF THE 8TH
Redwood City Redwoods batting - Pitching for Mile High Broncos : LHP Robin Wilder
Batting: LHB Alfonso Montoya 0-0: DOUBLE (Groundball, 3L)
Batting: LHB Patrick Bright 0-0: Ball
1-0: Called Strike
1-1: Called Strike
1-2: Strikes out swinging
Batting: RHB William Parker 0-0: Called Strike
0-1: Foul Ball, location: 2F
0-2: Ground out 4-3 (Groundball, 4M)
Alfonso Montoya to third
Batting: LHB Jon Graves 0-0: Ball
1-0: Called Strike
1-1: Foul Ball, location: 2F
1-2: Foul Ball, location: 2F
1-2: Ball
2-2: Foul Ball, location: 2F
2-2: Strikes out looking
Bottom of the 8th over - 0 run(s), 1 hit(s), 0 error(s), 1 left on base; Mile High 6 - Redwood City 2
TOP OF THE 9TH
Mile High Broncos batting - Pitching for Redwood City Redwoods : RHP Jim Williams
Batting: RHB António Martínez 0-0: SINGLE (Groundball, 34D)
Batting: RHB David Moran 0-0: Ball
1-0: Ball
2-0: Called Strike
2-1: Swinging Strike
2-2: Foul Ball, location: 2F
2-2: 2-RUN HOME RUN (Flyball, 8LD), Distance : 415 ft
Batting: RHB Bo Vickers 0-0: Ball
1-0: Called Strike
1-1: Fly out, F8 (Flyball, 8LM)
Batting: RHB Su-kweon Yu 0-0: Ball
1-0: Called Strike
1-1: Foul Ball, location: 2F
1-2: Strikes out swinging
Batting: LHB Pat Weaver 0-0: Called Strike
0-1: Ball
1-1: Ball
2-1: Ball
3-1: Base on Balls
Batting: SHB Keith Shaffer 0-0: Called Strike
0-1: Ball
1-1: Called Strike
1-2: Foul Ball, location: 2F
1-2: Ball
2-2: Strikes out swinging
Top of the 9th over - 2 run(s), 2 hit(s), 0 error(s), 1 left on base; Mile High 8 - Redwood City 2
BOTTOM OF THE 9TH
Redwood City Redwoods batting - Pitching for Mile High Broncos : LHP Robin Wilder
Now at 1B: Juan Medina
Now in LF: Geoff Bradley
Now in CF: José Darias
Batting: RHB Carlos Gonzáles 0-0: Foul Ball, location: 2F
0-1: Ball
1-1: Foul Ball, location: 2F
1-2: Ball
2-2: Foul Ball, location: 2F
2-2: Strikes out looking
Batting: LHB River Wilson 0-0: Swinging Strike
0-1: Ball
1-1: Swinging Strike
1-2: SINGLE (Groundball, 4MD)
Batting: RHB Vicente Martínez 0-0: Ball
1-0: Ball
2-0: Called Strike
2-1: Foul Ball, location: 2F
2-2: Foul Ball, location: 2F
2-2: SINGLE (Line Drive, 9S)
River Wilson to second
Batting: RHB Joe Flint 0-0: Foul Ball, location: 2F
0-1: Ball
1-1: Swinging Strike
1-2: Strikes out swinging
Batting: RHB Dan Martin 0-0: Called Strike
0-1: Ball
1-1: Fly out, F4 (Line Drive, 34)
Bottom of the 9th over - 0 run(s), 2 hit(s), 0 error(s), 2 left on base; Mile High 8 - Redwood City 2
Monday, December 5th, 2016 - OOTP Baseball 17.12 Build 75